 Dungeon Crawl Stone Soup version 0.26-a0-695-g987792ac36 (webtiles) character file.

Game seed: 10431000109322213081

25283 sahdkjhfkaj the Destroyer (level 13, -8/76 HPs)
             Began as an Octopode Conjurer on Oct 25, 2020.
             Was an Initiate of Gozag.
             Mangled by a five-headed hydra (12 damage)
             ... on level 4 of the Lair of Beasts.
             The game lasted 01:03:26 (31925 turns).

sahdkjhfkaj the Destroyer (Octopode Conjurer)      Turns: 31925, Time: 01:03:27

Health: -8/76      AC:  3    Str: 13    XL:     13   Next: 18%
Magic:  13/25      EV: 13    Int: 32    God:    Gozag
Gold:   1294       SH:  5    Dex:  7    Spells: 4/28 levels left

rFire    + + .     SeeInvis +   B - staff of conjuration
rCold    . . .     Faith    .   (no shield)
rNeg     . . .     Spirit   .   A - +2 hat {MR+}
rPois    .         Reflect  +   t - amulet "Ecru" {Reflect rF++ Str+6 Dex-3 SH+5}
rElec    .         Harm     .   l - +4 ring of slaying
rCorr    +         Rampage  .   r - ring of resist corrosion
MR       +++..     NoTele   +   y - ring of fire
Stlth    +++.......             L - ring of see invisible
HPRegen  0.22/turn              H - ring of Febriarr {Ice MR++ Int+7}
MPRegen  0.19/turn              (no ring)
                                (no ring)
                                (no ring)

@: cannot translocate, slowed, very slow
A: almost no armour, stealthy swim, amphibious, 8 rings, constrict 8, camouflage
1, gelatinous body 1
a: Potion Petition, Call Merchant, Bribe Branch, Renounce Religion


You were on level 4 of the Lair of Beasts.
You worshipped Gozag.
Gozag was most pleased with you.
You visited 3 branches of the dungeon, and saw 18 of its levels.
You also visited: Gauntlet.

You collected 2993 gold pieces.
You spent 580 gold pieces at shops.
You paid 1119 gold pieces to Gozag.

Inventory:

Missiles
 G - a throwing net (quivered) {!f}
Armour
 A - a +2 hat of magic resistance (worn)
Magical Staves
 B - an uncursed staff of conjuration (weapon)
Jewellery
 l - a +4 ring of slaying (left tentacle)
 r - a ring of resist corrosion (right tentacle)
 t - the amulet "Ecru" (around mantle) {Reflect rF++ Str+6 Dex-3 SH+5}
   (You acquired it on level 6 of the Dungeon)

   [amulet of reflection]

   It shields you and reflects attacks.
   It affects your strength (+6).
   It affects your dexterity (-3).
   It greatly protects you from fire.
   It affects your SH (+5).
 y - a ring of fire (on tentacle)
 H - the ring of Febriarr (on tentacle) {Ice MR++ Int+7}
   (You bought it in a shop on level 2 of the Lair of Beasts)

   [ring of ice]

   It enhances your ice magic.
   It affects your intelligence (+7).
   It makes you vulnerable to fire.
   It protects you from cold.
   It affects your resistance to hostile enchantments.
 L - a ring of see invisible (on tentacle)
Wands
 b - a wand of flame (39)
 s - a wand of digging (10)
 u - a wand of random effects (67)
 z - a wand of disintegration (18)
 C - a wand of enslavement (12)
 E - a wand of polymorph (5)
Scrolls
 a - 4 scrolls of fog {!r}
 e - a scroll of blinking {!r}
 f - 4 scrolls of immolation {!r}
 h - 2 scrolls of teleportation {!r}
 i - 6 scrolls of remove curse {!r}
 j - a scroll of magic mapping {!r}
 p - 3 scrolls of enchant armour {!r}
 w - 3 scrolls of amnesia {!r}
 I - a scroll of identify {!r}
 J - a scroll of holy word {!r, unknown}
Potions
 c - a potion of flight {!q, unknown}
 d - 4 potions of haste {!q}
 g - 2 potions of curing {!q}
 k - a potion of resistance {!q, unknown}
 m - 2 potions of cancellation {!q}
 n - 2 potions of stabbing {!q}
 o - 3 potions of brilliance {!q}
 q - 2 potions of mutation {!q}
 v - 2 potions of invisibility {!q}
 x - a potion of berserk rage {!q, unknown}
 D - a potion of lignification {!q}
 F - a potion of magic {!q, unknown}


   Skills:
 - Level 2.8 Fighting
 - Level 3.5 Dodging
 - Level 2.6 Stealth
 - Level 8.1 Spellcasting
 - Level 10.0 Conjurations
 - Level 10.0 Hexes
 + Level 9.6 Summonings
 - Level 10.0 Translocations
 - Level 5.0 Ice Magic


You had 4 spell levels left.
You knew the following spells:

 Your Spells              Type           Power        Failure   Level
a - Magic Dart            Conj           ####         1%          1
b - Searing Ray           Conj           ######       1%          2
f - Fulminant Prism       Conj/Hex       #######...   1%          4
A - Ozocubu's Armour      Ice            ######..     1%          3
C - Conjure Flame         Conj/Fire      #######.     1%          3
G - Malign Gateway        Summ/Tloc      ######....   50%         7
M - Iskenderun's Mystic   Conj/Tloc      #######.     1%          4

Your spell library contained the following spells:

 Spells                   Type           Power        Failure   Level
 Apportation              Tloc           ######       1%          1
 Freeze                   Ice            ####         1%          1
 Shock                    Conj/Air       ####         1%          1
 Blink                    Tloc           N/A          1%          2
 Call Imp                 Summ           ######..     1%          2
 Slow                     Hex            ######..     1%          2
 Dazzling Flash           Conj/Hex       ######       1%          3
 Frozen Ramparts          Ice            ######       1%          3
 Lesser Beckoning         Tloc           ######....   1%          3
 Static Discharge         Conj/Air       ######..     1%          3
 Tukima's Dance           Hex            ######..     1%          3
 Hailstorm                Conj/Ice       #######.     1%          4
 Summon Ice Beast         Ice/Summ       ######..     1%          4
 Mephitic Cloud           Conj/Pois/Air  ######..     2%          3
 Poisonous Vapours        Pois/Air       ##....       5%          2
 Swiftness                Air            ##......     5%          2
 Airstrike                Air            ##........   36%         4
 Invisibility             Hex            ######..     10%         6
 Lightning Bolt           Conj/Air       ######....   13%         5
 Monstrous Menagerie      Summ           ######....   52%         7
 Summon Greater Demon     Summ           ######....   52%         7
 Freezing Cloud           Conj/Ice/Air   #######...   58%         6
 Alistair's Intoxication  Tmut/Pois      ##.......    71%         5
 Summon Horrible Things   Summ           ######....   99%         8


Dungeon Overview and Level Annotations

Branches:
Dungeon (13/15)            Temple (1/1) D:6            Lair (4/6) D:11
 Shoals (0/4) Lair:3       Spider (0/4) Lair:2          Orc (0/2) D:12
Gauntlet (visited)
 Vaults: D:13-14

Altars:
Ashenzari
Cheibriados
Dithmenos
Elyvilon
Fedhas
Gozag
Hepliaklqana
Kikubaaqudgha
Makhleb
Nemelex Xobeh
Okawaru
Qazlal
Ru
Sif Muna
Trog
Uskayaw
Vehumet
Wu Jian
Xom
Yredelemnul
Zin
The Shining One

Shops:
D:9 *   Lair:2 **

Annotations:
D:9 exclusions: boulder beetle and centaur warrior
D:11 exclusion: manticore
Lair:1 1 runed translucent door


Innate Abilities, Weirdness & Mutations

You cannot wear most types of armour.
You are very stealthy in the water. (Stealth+)
You are amphibious.
You can wear up to eight rings at the same time.
You can use your tentacles to constrict eight enemies at once.
Your skin changes colour to match your surroundings (Stealth+).
Your rubbery body absorbs attacks. (AC +1, EV +1)


Message History

The dream sheep ruffles its wool and motes of dream dust sparkle, to no effect.
The five-headed hydra bites you.
* * * LOW HITPOINT WARNING * * *
The five-headed hydra closely misses you.
You block the five-headed hydra's attack.
The five-headed hydra barely misses you.
The five-headed hydra bites you!
* * * LOW HITPOINT WARNING * * *
The dream sheep ruffles its wool and motes of dream dust sparkle, to no effect.
Your magical contamination has completely faded away.
The dream sheep ruffles its wool and motes of dream dust sparkle, to no effect.
The five-headed hydra bites you.
* * * LOW HITPOINT WARNING * * *
The five-headed hydra misses you.
You block the five-headed hydra's attack.
The five-headed hydra bites you.
* * * LOW HITPOINT WARNING * * *
The five-headed hydra bites you!
You die...
Your body crumbles into a pile of gold.

#.#..###
#..##
##.......#
#.#..##
#P..##
#P..P....#
##...#.#
##...##
#........#
....####
#P.#.#
#........#
#...#
#...##
##........
...P#
##...#
##....##.
.####
#...##
#######. .#
#....# #..
## ###@##
#... #
##D#####
##..
#.w.#..#
#.#
#......##
.#
##......#
## #
###.......#
##
#......)Y.#
.#
##........#
.#
##..[...##


You could see a five-headed hydra, a torpor snail and a dream sheep.

Vanquished Creatures
  Gastronok (D:10)
  A hydra (Lair:2)
  A two-headed ogre (D:10)
  Nergalle (Lair:2)
  2 skeletal warriors (D:12)
  An unseen horror (D:11)
  2 ugly things (D:11)
  3 centaur skeletons
  4 cane toads
  3 komodo dragons
  A rime drake (Lair:1)
  A troll (D:10)
  4 polar bears (Lair:3)
  Grinder (D:3)
  4 blink frogs (Lair:3)
  A wraith (D:12)
  30 yaks
  A vampire (D:12)
  3 wyverns
  3 basilisks
  Edmund (D:4)
  4 wargs (D:12)
  A soldier ant (D:10)
  10 water moccasins
  A phantom (D:8)
  An orc warrior (D:11)
  4 ice beasts
  2 sky beasts
  7 black bears
  18 wolves
  4 centaurs
  A necrophage (D:10)
  4 ogres
  16 bullfrogs
  7 scorpions
  4 wights (D:9)
  6 killer bees
  An electric eel (Lair:3)
  4 howler monkeys
  2 bullfrog zombies
  3 jellies
  4 orc priests
  4 hounds
  A quasit (D:9)
  A bullfrog skeleton (D:8)
  Jessica (D:3)
  3 iguanas
  7 orc wizards
  8 worker ants
  2 hound skeletons
  A mummy (D:4)
  Robin (D:3)
  4 worker ant zombies
  12 adders
  A howler monkey skeleton (D:6)
  3 gnolls (D:4)
  2 shadow imps
  An ufetubus (D:5)
  An adder skeleton (D:6)
  7 worms
  The ghost of lunkers the Sneak, a weakling KoDe (D:5)
  4 dart slugs
  5 leopard geckos
  25 orcs
  11 giant cockroaches
  15 goblins
  8 hobgoblins
  3 jackals (D:4)
  6 quokkas
  3 bats
  4 frilled lizards
  A hobgoblin zombie (D:4)
  5 kobolds
  2 leopard gecko skeletons
  An orc zombie (D:4)
  2 quokka skeletons
  7 rats
336 creatures vanquished.

Vanquished Creatures (collateral kills)
  A hydra (Lair:4)
  A merfolk siren (Lair:3)
  A dream sheep (Lair:4)
  A black bear (Lair:3)
4 creatures vanquished.

Vanquished Creatures (others)
  5 eldritch tentacles
  59 fulminant prisms
  49 fungi
  42 plants
155 creatures vanquished.

Grand Total: 495 creatures vanquished

Notes
Turn   | Place    | Note
-------+----------+-------------------------------------------
     0 | D:1      | sahdkjhfkaj the Octopode Conjurer began the quest for the
                  | Orb.
     0 | D:1      | Reached XP level 1. HP: 11/11 MP: 3/3
   218 | D:1      | Reached XP level 2. HP: 17/17 MP: 3/5
   222 | D:1      | Learned a level 2 spell: Searing Ray
   981 | D:1      | Reached XP level 3. HP: 21/21 MP: 0/6
  1069 | D:1      | Learned a level 3 spell: Dazzling Flash
  1540 | D:2      | Reached skill level 1 in Hexes
  1703 | D:2      | Found an ornate altar of the Wu Jian Council.
  2102 | D:2      | Reached XP level 4. HP: 27/27 MP: 1/7
  2853 | D:3      | Noticed Grinder
  3033 | D:3      | Noticed Jessica
  3036 | D:3      | Killed Jessica
  3036 | D:3      | Reached XP level 5. HP: 28/31 MP: 5/8
  3078 | D:3      | Noticed Robin
  3090 | D:3      | Killed Robin
  4074 | D:4      | Reached XP level 6. HP: 36/36 MP: 1/10
  4515 | D:4      | Noticed Edmund
  4522 | D:4      | Learned a level 4 spell: Fulminant Prism
  4533 | D:4      | Killed Edmund
  4533 | D:4      | Reached skill level 5 in Conjurations
  4533 | D:4      | Reached skill level 5 in Hexes
  4907 | D:4      | Reached XP level 7. HP: 41/41 MP: 9/12
  5389 | D:4      | Learned a level 4 spell: Iskenderun's Mystic Blast
  5666 | D:5      | Entered Level 5 of the Dungeon
  7232 | D:5      | Found a runed translucent door.
  7232 | D:5      | Noticed lunkers's ghost (weakling KoDe)
  7369 | D:5      | Killed lunkers's ghost
  7665 | D:6      | Reached XP level 8. HP: 26/46 MP: 2/14
  7859 | D:6      | Found a staircase to the Ecumenical Temple.
  7871 | Temple   | Entered the Ecumenical Temple
  8237 | Temple   | Became a worshipper of Gozag Ym Sagoz the Greedy
  8351 | Temple   | Reached skill level 5 in Translocations
  9098 | D:6      | Identified a scroll of acquirement {!r}
  9099 | D:6      | Acquired the amulet "Ecru" {Reflect rF++ Str+6 Dex-3 SH+5}
 11459 | D:8      | Reached XP level 9. HP: 34/51 MP: 7/16
 11695 | D:8      | Reached skill level 5 in Spellcasting
 12267 | D:8      | Learned a level 3 spell: Conjure Flame
 12412 | D:9      | Noticed a boulder beetle
 12724 | D:9      | Noticed a centaur warrior
 14413 | D:9      | Found Onair's General Store.
 14550 | D:10     | Entered Level 10 of the Dungeon
 14698 | D:10     | Reached XP level 10. HP: 44/56 MP: 5/17
 15218 | D:10     | You fall into a shaft and drop 1 floor!
 15288 | D:10     | Noticed Gastronok
 15500 | D:10     | Killed Gastronok
 16018 | D:11     | Noticed a brown ugly thing
 16266 | D:11     | Noticed a green ugly thing
 16340 | D:11     | Found a staircase to the Lair.
 16423 | Lair:1   | Entered Level 1 of the Lair of Beasts
 16845 | Lair:1   | Reached XP level 11. HP: 61/61 MP: 6/18
 17267 | Lair:1   | Found a runed translucent door.
 18034 | Lair:1   | Learned a level 3 spell: Ozocubu's Armour
 18391 | Lair:2   | Noticed a four-headed hydra
 18403 | Lair:2   | Killed a four-headed hydra
 18723 | Lair:2   | Noticed Nergalle
 19045 | D:3      | Killed Grinder
 19274 | D:11     | Noticed a two-headed ogre
 20134 | D:11     | Reached skill level 5 in Ice Magic
 20722 | D:10     | Killed a two-headed ogre
 20722 | D:10     | Reached skill level 10 in Conjurations
 20869 | D:11     | Reached skill level 10 in Hexes
 20903 | D:11     | Killed a brown ugly thing
 20903 | D:11     | Reached skill level 10 in Translocations
 21215 | D:11     | Killed a brown ugly thing
 21502 | D:11     | Killed an unseen horror
 21754 | D:11     | Noticed a manticore
 22415 | D:12     | Reached XP level 12. HP: 55/64 MP: 6/22
 23305 | D:12     | Reached skill level 1 in Fighting
 23480 | D:12     | Found a staircase to the Orcish Mines.
 24436 | Lair:2   | Bought a hardcover book for 435 gold pieces
 24436 | Lair:2   | Bought a translucent glass ring for 145 gold pieces
 24436 | Lair:2   | Identified the ring of Febriarr {Ice MR++ Int+7} (You
                  | bought it in a shop on level 2 of the Lair of Beasts)
 24447 | Lair:2   | Learned a level 7 spell: Malign Gateway
 24476 | Lair:2   | Reached skill level 1 in Summonings
 24485 | Lair:2   | Found a hole to the Spider Nest.
 25626 | Lair:2   | Killed Nergalle
 25842 | Lair:3   | Found a gate leading to a gauntlet.
 25851 | Gauntlet | Entered a Gauntlet
 25851 | Gauntlet | Found a transporter.
 25852 | Gauntlet | Noticed a tengu warrior
 25887 | Gauntlet | Found a transporter.
 25889 | Gauntlet | Found a transporter.
 25897 | Gauntlet | Found a transporter.
 25899 | Gauntlet | Found a transporter.
 25911 | Gauntlet | Found a transporter.
 25926 | Gauntlet | Found a runed translucent door.
 25930 | Gauntlet | Found a transporter.
 25937 | Gauntlet | Noticed a death scarab
 25939 | Gauntlet | Found a transporter.
 25949 | Gauntlet | Found a transporter.
 25955 | Gauntlet | Noticed a catoblepas
 25971 | Gauntlet | Found a transporter.
 25984 | Gauntlet | Found a transporter.
 25985 | Gauntlet | Found a transporter.
 26028 | Gauntlet | Noticed a death scarab
 26031 | Gauntlet | Found a transporter.
 26045 | Gauntlet | Found a transporter.
 26057 | Gauntlet | Noticed a boulder beetle
 26320 | Gauntlet | Noticed a frost giant
 26409 | Gauntlet | Noticed a satyr
 26410 | Gauntlet | Noticed a fire dragon
 26410 | Gauntlet | a satyr changed into a fire dragon
 26414 | Gauntlet | Noticed a queen ant
 26414 | Gauntlet | a fire dragon changed into a queen ant
 26421 | Gauntlet | Noticed an ettin
 26421 | Gauntlet | a queen ant changed into an ettin
 26425 | Gauntlet | Noticed a dire elephant
 26425 | Gauntlet | an ettin changed into a dire elephant
 26426 | Gauntlet | Noticed a death yak
 26426 | Gauntlet | a dire elephant changed into a death yak
 26427 | Gauntlet | Noticed an emperor scorpion
 26427 | Gauntlet | a death yak changed into an emperor scorpion
 26432 | Gauntlet | Noticed a six-headed hydra
 26432 | Gauntlet | an emperor scorpion changed into a six-headed hydra
 26447 | Gauntlet | a six-headed hydra changed into something unseen
 26453 | Gauntlet | Noticed an entropy weaver
 26462 | Gauntlet | Noticed a boulder beetle
 26462 | Gauntlet | an entropy weaver changed into a boulder beetle
 26470 | Gauntlet | a boulder beetle changed into a slime creature
 26548 | Gauntlet | Noticed a shock serpent
 26548 | Gauntlet | a glowing shapeshifter changed into a shock serpent
 26689 | Lair:3   | Reached skill level 5 in Summonings
 26725 | Lair:2   | HP: 1/72 [water moccasin (5)]
 26735 | Lair:2   | HP: 5/108 [poisoned by a water moccasin]
 26736 | Lair:2   | HP: 2/108 [water moccasin (3)]
 27976 | Lair:3   | Reached XP level 13. HP: 44/76 MP: 9/25
 29889 | Lair:3   | Found a staircase to the Shoals.
 31925 | Lair:4   | Mangled by a five-headed hydra

Illustrated notes

Levels and vault maps discovered:
D:1:      dpeg_arrival_pits, layout_basic
D:2:      layout_rooms, old_standard_altar, minivault_11
D:3:      layout_basic, uniq_robin, uniq_grinder, uniq_jessica
D:4:      layout_loops_corners, nicolae_ossuary_entry_giza, uniq_edmund
D:5:      layout_basic, gammafunk_ghost_grave
D:6:      layout_basic, minmay_temple_entry_large_hall, uniq_maggie
D:7:      layout_layer_cave
D:8:      layout_rooms, minmay_circle_x
D:9:      layout_layer_cave, serial_shops, kennysheep_mini_moat, kb_rosetta
D:10:     layout_loops_ring, uniq_gastronok
D:11:     layout_layer_cave, grunt_lair_entry_orc_guard_hut
D:12:     layout_long_grid, minmay_orc_entry_guard_dogs
D:13:     wander_river, layout_cave_pools
Temple:   compressed_dpeg_triangle_lava_temple
Lair:1:   gammafunk_indiana_jones, layout_cave_pods
Lair:2:   layout_gridlike, nicolae_spider_entry_non_spiders, uniq_nergalle
Lair:3:   beast_lair_carwin_large_3, layout_chaotic_city,
          elwin_shoals_entry_rooms, gauntlet_entry_generic
Lair:4:   layout_cave_pods, lemuel_fruit_fields

Skill      XL: |  1  2  3  4  5  6  7  8  9 10 11 12 13 |
---------------+----------------------------------------+-----
Hexes          | 2 3 4 5 6 7 9 10 | 10.0
Spellcasting   | 3 4 5 7 8 |  8.1
Conjurations   | 5 6 7 9 10 | 10.0
Translocations | 4 6 7 9 10 | 10.0
Ice Magic      | 5 |  5.0
Fighting       | 2 |  2.8
Dodging        | 3 |  3.5
Summonings     | 8 9 |  9.6
Stealth        | |  2.6

Action                   |  1- 3 |  4- 6 |  7- 9 | 10-12 | 13-15 || total
-------------------------+-------+-------+-------+-------+-------++-------
Melee: Unarmed           |    19 |    59 |    38 |    22 |       ||   138
       Constrict         |     9 |    14 |     8 |     8 |     1 ||    40
       Tentacles         |     4 |    11 |    10 |    10 |     1 ||    36
       Staff             |       |       |       |    40 |     4 ||    44
 Cast: Magic Dart        |    55 |     5 |     9 |    16 |     3 ||    88
       Searing Ray       |    10 |    27 |    91 |   102 |    20 ||   250
       Fulminant Prism   |       |     1 |     5 |    45 |     8 ||    59
       Iskenderun's Myst |       |       |     6 |    45 |    14 ||    65
       Dazzling Flash    |       |       |     1 |       |       ||     1
       Conjure Flame     |       |       |       |    13 |       ||    13
       Ozocubu's Armour  |       |       |       |    11 |     1 ||    12
       Malign Gateway    |       |       |       |     1 |     4 ||     5
Invok: Call Merchant     |       |       |       |     2 |       ||     2
  Use: Scroll            |     2 |     5 |    11 |    14 |     3 ||    35
       Potion            |     1 |       |     1 |     8 |       ||    10
 Stab: Sleeping          |       |     1 |     3 |       |     1 ||     5
Armor: Skin              |     2 |     3 |     9 |    37 |     7 ||    58
Dodge: Dodged            |    17 |    36 |   103 |   131 |    35 ||   322
Block: Other             |       |       |    12 |    55 |    18 ||    85
       Reflection        |       |       |     2 |       |       ||     2

Table legend: (Time is in decaauts)
 A = Elapsed time spent in this place.
 B = Non-inter-level travel time spent in this place.
 C = Inter-level travel time spent in this place.
 D = Time resting spent in this place.
 E = Time spent auto-exploring this place.
 F = Levels seen in this place.
 G = Mean time per level.
                   A        B        C        D        E       F      G
               +--------+--------+--------+--------+--------+-----+--------+
         Total |  31965 |  30583 |   1382 |  13407 |  13304 |  19 | 1682.4 |
       Dungeon |  21157 |  20103 |   1054 |   8393 |   9142 |  13 | 1627.5 |
        Temple |    696 |    690 |      6 |    307 |    357 |   1 |  696.0 |
          Lair |   9405 |   9083 |    322 |   4351 |   3599 |   4 | 2351.2 |
      Gauntlet |    705 |    705 |      0 |    356 |    206 |   1 |  705.0 |
               +--------+--------+--------+--------+--------+-----+--------+

Top non-repeatable levels by time:
    D:10: 3288 daAuts
  Lair:2: 3278 daAuts
  Lair:3: 2555 daAuts
  Lair:1: 2149 daAuts
     D:9: 2142 daAuts
     D:5: 1900 daAuts
     D:7: 1889 daAuts
    D:11: 1849 daAuts
    D:12: 1800 daAuts
     D:4: 1706 daAuts
     D:1: 1691 daAuts
  Lair:4: 1422 daAuts
     D:3: 1410 daAuts
     D:8: 1312 daAuts
     D:6: 1241 daAuts
